 Dungeon Crawl Stone Soup version 0.29.1-15-g9cfb28693d (webtiles) character file.

Game seed: 3458235065172775827

822 GigaChad the Chopper (level 7, -5/62 HPs)
             Began as a Minotaur Gladiator on Mar 11, 2023.
             Slain by a river rat (8 damage)
             ... summoned by Eustachio
             ... on level 5 of the Dungeon.
             The game lasted 00:05:43 (4855 turns).

GigaChad the Chopper (Minotaur Gladiator)           Turns: 4855, Time: 00:05:44

Health: -5/62      AC: 11    Str: 21    XL:     7   Next: 63%
Magic:  6/6        EV: 13    Int:  5    God:
Gold:   280        SH:  0    Dex: 11    Spells: 6/6 levels left

rFire   . . .      SeeInvis .   a - +1 war axe
rCold   . . .      Faith    .   (no shield)
rNeg    . . .      Spirit   .   g - +2 chain mail
rPois   .          Reflect  .   c - +0 hat
rElec   .          Harm     .   (no cloak)
rCorr   .          Rampage  .   (no gloves)
Will    .....                   (no boots)
Stlth   ..........              (no amulet)
HPRegen 0.20/turn               n - +4 ring of evasion
MPRegen 0.10/turn               (no ring)

@: no status effects
A: horns 2, retaliatory headbutt
a: no special abilities


You were on level 5 of the Dungeon.
You visited 1 branch of the dungeon, and saw 5 of its levels.

You collected 280 gold pieces.

Inventory:

Hand Weapons
 a - a +1 war axe (weapon)
Missiles
 d - 4 throwing nets (quivered)
 e - a javelin
Armour
 b - a +0 leather armour
 c - a +0 hat (worn)
 g - a +2 chain mail (worn)
Jewellery
 n - a +4 ring of evasion (left hand)
 t - a ring of magical power
 w - a ring of poison resistance
 z - a ring of wizardry
Wands
 r - a wand of charming (7)
 D - a wand of roots (4)
Scrolls
 f - 5 scrolls of fear
 h - 5 scrolls of fog
 i - 3 scrolls of immolation
 l - a scroll of teleportation
 q - a scroll of noise
 u - a scroll of amnesia
 C - 3 scrolls of vulnerability
Potions
 j - 3 potions of curing {unknown}
 k - a potion of degeneration {unknown}
 o - 4 potions of might {unknown}
 p - 2 potions of berserk rage {unknown}
 s - a potion of mutation {unknown}
 x - a potion of attraction {unknown}
 A - 2 potions of heal wounds {unknown}
 B - a potion of lignification {unknown}


   Skills:
 * Level 5.7 Fighting
 + Level 7.4 Axes
 + Level 2.0 Throwing
 + Level 4.6 Armour
 * Level 4.6 Dodging
 + Level 0.1 Stealth


You had 6 spell levels left.
You didn't know any spells.
Your spell library contained the following spells:

 Spells                   Type           Power      Damage    Failure   Level
 Foxfire                  Conj/Fire      0%         2x1d4     99%         1
 Summon Small Mammal      Summ           0%         N/A       99%         1
 Call Canine Familiar     Summ           0%         N/A       100%        3
 Conjure Flame            Conj/Fire      0%         6-21      100%        3
 Inner Flame              Hex/Fire       0%         N/A       100%        3
 Summon Guardian Golem    Hex/Summ       0%         N/A       100%        3
 Flame Wave               Conj/Fire      0%         2d4       100%        4
 Orb of Destruction       Conj           0%         9d5       100%        7
 Spellforged Servitor     Conj/Summ      0%         N/A       100%        7


Dungeon Overview and Level Annotations

Branches:
Dungeon (5/15)
 Temple: D:4-7

Altars:
Makhleb
Sif Muna
The Shining One

Shops:
D:1 (

Annotations:
D:5 Eustachio


Innate Abilities, Weirdness & Mutations

You have a pair of horns on your head.
You reflexively headbutt those who attack you in melee.


Message History

The shadow imp barely misses you. The iron imp hits you.
* * * LOW HITPOINT WARNING * * *
Eustachio says, "My allies will avenge me."
Eustachio barely misses you. The gnoll misses you.
The gnoll hits you from afar with a +0 spear!
* * * LOW HITPOINT WARNING * * *
You hit the gnoll.
You kill the gnoll!
You hit the river rat but do no damage. You closely miss the iron imp.
You hit the shadow imp but do no damage.
You hit Eustachio. The river rat barely misses you.
The shadow imp hits you but does no damage.
The iron imp closely misses you. You furiously retaliate!
You headbutt the iron imp!
You kill the iron imp!
The iron imp disappears in a puff of smoke!
Eustachio closely misses you. You furiously retaliate!
You headbutt Eustachio. The gnoll barely misses you.
The river rat bites you but does no damage.
You slash the quokka!
You kill the quokka!
The quokka's corpse disappears in a puff of smoke!
You slash the shadow imp!
You kill the shadow imp!
The shadow imp disappears in a puff of smoke!
You closely miss Eustachio. You slash the river rat! Eustachio misses you.
The gnoll barely misses you. The river rat bites you.
* * * LOW HITPOINT WARNING * * *
Eustachio misses you. The gnoll misses you. The river rat bites you.
* * * LOW HITPOINT WARNING * * *
There is a stone staircase leading down here.
You see here a +0 whip.
You hit Eustachio but do no damage. Your headbutt misses Eustachio.
Eustachio is heavily wounded.
You closely miss the river rat.
Eustachio gestures wildly while chanting.
The gnoll hits you from afar with a +0 spear.
* * * LOW HITPOINT WARNING * * *
The river rat bites you!
You die...

.... ...~ .# ...## .~~.
~..... .#....## .~.≈
.~≈...... ..#.....
~~...~.......# ........
~~.♣.~~......# #.....
≈.~~.~≈~.....###br.
.≈~~~.~♣...#..##@#
~.♣..~...#......@#
~..~~.)~.#.....#rr......
...~.....#..)####g......
.#..........## .......
.....##....$# .......
....###....## .....#.
....# #.##.# ....##
...########.# ...##
...#.#.# ...


You could see Eustachio, a gnoll, 2 river rats, a bat (summoned) and a rat
(summoned).

Vanquished Creatures
  2 ice beasts
  An ogre (D:4)
  2 phantoms
  A necrophage (D:4)
  A jelly (D:4)
  A hound (D:4)
  An iguana (D:4)
  3 orc wizards
  6 gnolls (D:5)
  5 adders
  A worm (D:2)
  2 dart slugs (D:4)
  7 orcs
  4 bats
  4 endoplasms
  9 giant cockroaches
  2 goblins
  10 hobgoblins
  5 quokkas
  9 ball pythons
  10 frilled lizards
  13 kobolds
  3 rats
102 creatures vanquished.

Vanquished Creatures (others)
  5 plants (D:3)
5 creatures vanquished.

Grand Total: 107 creatures vanquished

Notes
Turn   | Place    | Note
-------+----------+-------------------------------------------
     0 | D:1      | GigaChad the Minotaur Gladiator began the quest for the
                  | Orb.
     0 | D:1      | Reached XP level 1. HP: 18/18 MP: 0/0
   306 | D:1      | Reached XP level 2. HP: 25/25 MP: 1/1
   449 | D:1      | Found Cokuw's Weapon Emporium.
   664 | D:1      | Found a faded altar of an unknown god.
   750 | D:1      | Reached skill level 1 in Armour
   963 | D:1      | Reached skill level 4 in Axes
  1405 | D:2      | Reached XP level 3. HP: 23/30 MP: 2/2
  2429 | D:3      | Reached XP level 4. HP: 30/37 MP: 3/3
  2959 | D:3      | Found a glowing golden altar of the Shining One.
  3095 | D:3      | Found a shimmering blue altar of Sif Muna.
  3570 | D:4      | Found a burning altar of Makhleb.
  3639 | D:4      | Noticed a necrophage
  3650 | D:4      | Killed a necrophage
  3651 | D:4      | Reached skill level 5 in Axes
  3651 | D:4      | Reached XP level 5. HP: 37/45 MP: 4/4
  3841 | D:4      | Noticed a phantom
  3847 | D:4      | Killed a phantom
  3848 | D:4      | Reached XP level 6. HP: 38/53 MP: 5/5
  3865 | D:4      | Reached skill level 6 in Axes
  4060 | D:4      | Reached skill level 5 in Fighting
  4085 | D:4      | Noticed an ice beast
  4094 | D:4      | Killed an ice beast
  4095 | D:4      | Reached XP level 7. HP: 53/61 MP: 6/6
  4674 | D:5      | Entered Level 5 of the Dungeon
  4686 | D:5      | Reached skill level 7 in Axes
  4840 | D:5      | Noticed Eustachio
  4855 | D:5      | HP: 3/62 [gnoll/+0 spear (1)]
  4855 | D:5      | Slain by a river rat

Illustrated notes

Levels and vault maps discovered:
D:1:      reono_arrival_forest_river, layout_loops_corners,
          dreamdust_ecumenical_altar_angels_and_demons, serial_shops,
          nicolae_shop_hallway_plus
D:2:      layout_loops_ring
D:3:      layout_loops_ring, mainiacjoe_overflow_concentric_impassable,
          tso_oasis_becter, gup_sewer_entry_pipe, dk_noncrumbling_2,
          corner_web_ring, minmay_lizard_king
D:4:      layout_loops_ring, lemuel_round_altar, amcnicky_mini_pool_small,
          hangedman_decor_opposing, minmay_stone_trees_medium,
          minmay_fractal_squares_diagonal_5
D:5:      layout_layer_cave, chequers_serial_rivers_marsh, uniq_pikel,
          uniq_grinder, uniq_eustachio

Skill      XL: |  1  2  3  4  5  6  7 |
---------------+----------------------+-----
Armour         | 1 2 3 4 |  4.6
Axes           | 4 5 6 7 |  7.4
Dodging        | 4 |  4.6
Fighting       | 3 4 5 |  5.7
Throwing       | |  2.0
Stealth        | |  0.1

Action                   |  1- 3 |  4- 6 |  7- 9 || total
-------------------------+-------+-------+-------++-------
Melee: War axe           |   109 |   101 |    59 ||   269
       Headbutt          |    14 |    19 |    10 ||    43
       Punch             |     1 |     2 |       ||     3
Throw: Throwing net      |     1 |       |       ||     1
  Use: Scroll            |     4 |       |     7 ||    11
Armor: Leather armour    |    17 |       |       ||    17
       Chain mail        |    43 |    47 |    35 ||   125
Dodge: Dodged            |    57 |    83 |    49 ||   189
